 Dungeon Crawl Stone Soup version 0.22-a0-402-ga933591 (webtiles) character file.

23 Borgoz the Sneak (level 3, 24/24 HPs)
             Began as a Halfling Assassin on May 6, 2018.
             Quit the game on level 1 of the Dungeon.
             The game lasted 00:01:13 (383 turns).

Borgoz the Sneak (Halfling Assassin)                 Turns: 383, Time: 00:01:14

Health: 24/24      AC:  3    Str: 12    XL:     3   Next: 10%
Magic:  3/3        EV: 14    Int:  9    God:
Gold:   8          SH:  0    Dex: 16    Spells: 2/2 levels left

rFire    . . .     SeeInvis .   a - +2 dagger
rCold    . . .     Gourm    .   (shield restricted)
rNeg     . . .     Faith    .   c - +0 robe
rPois    .         Spirit   .   (no helmet)
rElec    .         Reflect  .   d - +0 cloak
rCorr    .         Harm     .   (no gloves)
MR       .....                  (no boots)
Stlth    +++.......             (no amulet)
HPRegen  0.08/turn              (no ring)
MPRegen  0.08/turn              (no ring)

@: no status effects
A: small, mutation resistance 1
a: no special abilities


You were on level 1 of the Dungeon.
You were not hungry.

You visited 1 branch of the dungeon, and saw 1 of its levels.

You collected 8 gold pieces.

Inventory:

Hand Weapons
 a - a +2 dagger (weapon)
 b - a +0 blowgun
Missiles
 e - 8 poisoned needles
 f - 2 curare-tipped needles
Armour
 c - a +0 robe (worn)
 d - a +0 cloak (worn)
Scrolls
 h - a scroll of enchant armour {unknown}
 j - 2 scrolls of identify {unknown}
 k - a scroll of teleportation {unknown}
 l - a scroll of remove curse {unknown}
Comestibles
 g - 2 rations
 i - 7 chunks of flesh


   Skills:
 + Level 2.0 Fighting
 * Level 3.0 Short Blades
 - Level 2.0 Throwing
 + Level 1.0 Armour
 + Level 1.6 Dodging
 + Level 4.5 Stealth


You had 2 spell levels left.
You didn't know any spells.

Dungeon Overview and Level Annotations

Branches:
Dungeon (1/15)

Altars:


Innate Abilities, Weirdness & Mutations

You are small and have problems with some larger weapons.
You are somewhat resistant to further mutation.


Message History

The kobold shouts!
The kobold barely misses you.
You hit the kobold.
The kobold is moderately wounded.
You hit the kobold.
The kobold is severely wounded.
The kobold closely misses you.
You hit the kobold.
You kill the kobold!
Your Armour skill increases to level 1!
No target in view!
No target in view!
No target in view!
Things that are here:
a dagger; 5 stones
k - a scroll labeled WURO YSUYTZ
Things that are here:
12 stones; a dagger
l - a scroll labeled KIDWAENEVI Are you sure you want to abandon this character and quit the game? (Confirm with "yes".)

#.###.##...([...#..#
#...............#..#
#.....#.........#..#
#.###.#..).........#
#.# #.#.###...###.##
#.###.###.#.####.####.#
#.........#...........#
#####.#########.#####.#
#.# #@# .# #.# #.# ..
######.###### #.# #.
.............. ..#
.#####.####### ### .#
#.# .# #.# .# #.#
.#####.#


There were no monsters in sight!

Vanquished Creatures
  2 dart slugs (D:1)
  3 bats (D:1)
  2 goblins (D:1)
  2 hobgoblins (D:1)
  3 jackals (D:1)
  2 frilled lizards (D:1)
  2 kobolds (D:1)
  A rat (D:1)
17 creatures vanquished.

Notes
Turn   | Place    | Note
-------+----------+-------------------------------------------
     0 | D:1      | Borgoz the Halfling Assassin began the quest for the Orb.
     0 | D:1      | Reached XP level 1. HP: 14/14 MP: 1/1
   146 | D:1      | Reached XP level 2. HP: 19/19 MP: 2/2
   312 | D:1      | Reached XP level 3. HP: 24/24 MP: 3/3
   361 | D:1      | Reached skill level 1 in Armour
   383 | D:1      | Quit the game

Vault maps used:
D:1:      arrival_zaba_pyramid, st_stairs_9

Skill      XL: |  1  2  3 |
---------------+----------+-----
Fighting       | 2 |  2.0
Short Blades   | 3 |  3.0
Armour         | 1 |  1.0
Throwing       | |  2.0
Dodging        | |  1.6
Stealth        | |  4.5

Action                   || total
-------------------------++-------
Melee: Dagger            ||    51
 Stab: Sleeping          ||     2
Armor: Robe              ||     6
Dodge: Dodged            ||    29

Table legend:
 A = Spawn XP
 B = Non-spawn XP
 C = Spawn XP percentage of total XP
 D = Spawn monster count
 E = Non-spawn monster count
 F = Spawn count percentage of total count
 G = Total turns spent on level
                    A         B        C        D         E        F      G
               +---------+---------+-------+---------+---------+-------+---------
         Total |       0 |      33 |   0.0 |       0 |      17 |   0.0 |   383
               +---------+---------+-------+---------+---------+-------+---------
           D:1 |       0 |      33 |   0.0 |       0 |      17 |   0.0 |   383
               +---------+---------+-------+---------+---------+-------+---------
